 Dungeon Crawl Stone Soup version 0.30-a0-373-gd37427bb62 (webtiles) character file.

Game seed: 9235851672760590148

263 Raultor the Slasher (level 5, -5/42 HPs)
             Began as a Demonspawn Fighter on Nov 23, 2022.
             Was a Believer of Makhleb.
             Slain by Natasha (8 damage)
             ... on level 2 of the Dungeon.
             The game lasted 00:10:04 (2522 turns).

Raultor the Slasher (Demonspawn Fighter)            Turns: 2522, Time: 00:10:05

Health: -5/42      AC:  8    Str: 17    XL:     5   Next: 98%
Magic:  7/7        EV: 13    Int:  9    God:    Makhleb [**....]
Gold:   223        SH:  5    Dex: 14    Spells: 2/4 levels left

rFire   . . .      SeeInvis +    a - +0 long sword
rCold   . . .      Faith    .    c - +0 buckler
rNeg    . . .      Spirit   .    b - +0 scale mail
rPois   .          Reflect  .    (no helmet)
rElec   .          Harm     .    (no cloak)
rCorr   .          Rampage  .    (no gloves)
Will    .....                    (no boots)
Stlth   ..........               (no amulet)
HPRegen 0.27/turn                E - +4 ring of evasion
MPRegen 0.10/turn                v - ring of see invisible

@: no status effects
A: sharp scales 2, weakness stinger 1
a: Renounce Religion, Minor Destruction


You were on level 2 of the Dungeon.
You worshipped Makhleb.
Makhleb was pleased with you.
You visited 1 branch of the dungeon, and saw 3 of its levels.

You collected 223 gold pieces.


Innate Abilities, Weirdness & Mutations

You are mostly covered in razor-sharp scales. (AC +2, Slay +2)
You have a small tail.


   Skills:
 + Level 3.9 Fighting
 * Level 4.0 Long Blades
 + Level 3.1 Armour
 - Level 3.0 Shields
 * Level 3.2 Invocations


You had 2 spell levels left.
You knew the following spells:

 Your Spells              Type           Power      Damage    Failure   Level
a - Passwall              Tmut/Erth      0%         N/A       95%         2

Your spell library contained the following spells:

 Spells                   Type           Power      Damage    Failure   Level
 Sandblast                Erth           0%         2d4       87%         1
 Ignite Poison            Fire/Tmut/Pois 0%         N/A       99%         3
 Stone Arrow              Conj/Erth      0%         3d7       99%         3
 Sticky Flame             Conj/Fire      0%         2d3       100%        4
 Ignition                 Fire           0%         3d3       100%        8

Inventory:

Hand Weapons
 a - a +0 long sword (weapon)
Missiles
 i - a throwing net {=f}
Armour
 b - a +0 scale mail (worn)
 c - a +0 buckler (worn)
Jewellery
 q - the ring "Taiptimu" {Fire rElec}
   (You found it on level 2 of the Dungeon)

   [ring of fire]

   It enhances your fire magic.
   rF:        It protects you from fire.
   rC:        It makes you vulnerable to cold.
   rElec:     It insulates you from electricity.
 v - a ring of see invisible (right hand)
 E - a +4 ring of evasion (left hand)
 P - a ring of poison resistance
Wands
 s - a wand of flame (15)
Scrolls
 e - a scroll of identify {@r1}
 j - a scroll of fear {unknown}
 k - a scroll of poison {unknown}
 l - 2 scrolls of amnesia {unknown}
 m - a scroll of blinking {unknown}
 o - a scroll of vulnerability {unknown}
 p - a scroll of enchant weapon {unknown}
 w - a scroll of teleportation {unknown}
Potions
 d - a potion of might
 f - 3 potions of curing {@q1}
 g - 2 potions of invisibility {unknown}
 h - 3 potions of lignification {unknown}
 n - 4 potions of heal wounds {unknown}
 r - a potion of brilliance
 t - a potion of flight
 u - a potion of berserk rage {!q}

Dungeon Overview and Level Annotations

Branches:
Dungeon (3/15)

Altars:
Makhleb

Shops:
D:2 (

Annotations:
D:2 Natasha

##.###.###....#####
#.#...............########
##.###.###....###........# #.#
#.# ##.#.# ########.# ####.#
#.####.#.# #.# #....#
#........##########.# #.####
######'####......#..# #.#
##)..###........## #.###
##.@h..#....⌠....# #.#.##
##........#.....#.#
#####....####.........#..)....#
............'.........+.......#
#####...[####.........####....#
#.<....# ##.......## ##.#.#
#.#.##.# ##.....## ###.#
#.#.##.# ##...## #.# #.#.##.#
##'## #.##


You could see Natasha.


Message History

The white imp gestures at you. The puff of frost hits you.
* * * LOW HITPOINT WARNING * * *
The goblin hits you but does no damage.
The crimson imp blinks!
You block Natasha's attack.
The white imp shouts, "Fly, thou rank beef-witted whip-jack!"
The white imp barely misses you. The goblin hits you but does no damage.
Natasha claws you.
* * * LOW HITPOINT WARNING * * *
There is a stone staircase leading up here.
Natasha closely misses you. The white imp closely misses you.
The goblin hits you but does no damage.
You climb upwards.
The white imp disappears in a puff of smoke!
The crimson imp disappears in a puff of smoke!
There is a stone staircase leading down here.
You closely miss Natasha.
Natasha stares at you and mumbles some strange words.
The magic dart hits you.
* * * LOW HITPOINT WARNING * * *
The goblin misses you.
You closely miss Natasha. Natasha claws you!
* * * LOW HITPOINT WARNING * * *
The goblin hits you but does no damage.
You hit the goblin.
You kill the goblin!
Makhleb accepts your kill.
You feel better. Natasha claws you but does no damage.
You hit Natasha but do no damage. Natasha claws you!
You die...

Skill      XL: |  1  2  3  4  5 |
---------------+----------------+-----
Long Blades    | 2 3 4 |  4.0
Shields        | 3 |  3.0
Invocations    | 2 3 |  3.2
Armour         | 3 |  3.1
Fighting       | |  3.9

Action                   |  1- 3 |  4- 6 || total
-------------------------+-------+-------++-------
Melee: Long sword        |   122 |    91 ||   213
       Tailslap          |    13 |    10 ||    23
  Use: Scroll            |       |     3 ||     3
 Stab: Distracted        |       |     1 ||     1
Armor: Scale mail        |    31 |    38 ||    69
Dodge: Dodged            |    63 |    70 ||   133
Block: Buckler           |    26 |    27 ||    53

Levels and vault maps discovered:
D:1:      spicycebolla_arrival_clurvy, layout_rooms, serial_curves,
          eino_curves_02, eino_curves_04
D:2:      layout_loops_corners, shapermc_ecumenical_altar_hornbeckon,
          serial_shops, shop, dreamdust_wishing_well, serial_park_tiny_pond,
          minmay_bisected
D:3:      layout_basic, uniq_robin, uniq_ijyb, uniq_natasha

Notes
Turn   | Place    | Note
-------+----------+-------------------------------------------
     0 | D:1      | Raultor the Demonspawn Fighter began the quest for the Orb.
     0 | D:1      | Reached XP level 1. HP: 18/18 MP: 1/1
    11 | D:1      | Reached skill level 2 in Long Blades
   169 | D:1      | Gained mutation: You have a small tail. [demonic ancestry]
   169 | D:1      | Reached XP level 2. HP: 20/24 MP: 2/2
   500 | D:1      | Gained mutation: You are partially covered in razor-sharp
                  | scales. (AC +1, Slay +1) [demonic ancestry]
   500 | D:1      | Reached XP level 3. HP: 29/29 MP: 3/3
   591 | D:1      | Reached skill level 3 in Shields
  1104 | D:2      | Reached skill level 3 in Long Blades
  1131 | D:2      | Found Teoxt's Antique Weapon Emporium.
  1200 | D:2      | Found a faded altar of an unknown god.
  1203 | D:2      | Prayed at the altar of an unknown god.
  1203 | D:2      | Became a worshipper of Makhleb the Destroyer
  1203 | D:2      | Reached * piety under Makhleb
  1271 | D:2      | Identified the ring "Taiptimu" {Fire rElec}
  1760 | D:3      | Noticed Natasha
  1773 | D:3      | Gained mutation: You are mostly covered in razor-sharp
                  | scales. (AC +2, Slay +2) [demonic ancestry]
  1773 | D:3      | Reached XP level 4. HP: 25/35 MP: 4/4
  1780 | D:3      | Killed Natasha
  1781 | D:3      | Reached skill level 1 in Invocations
  1864 | D:3      | Noticed Natasha
  1871 | D:3      | Killed Natasha
  1899 | D:3      | Learned a level 2 spell: Passwall
  2079 | D:3      | Noticed Ijyb
  2102 | D:3      | Killed Ijyb
  2103 | D:3      | Reached skill level 3 in Armour
  2103 | D:3      | Reached skill level 2 in Invocations
  2103 | D:3      | Reached XP level 5. HP: 5/42 MP: 6/6
  2103 | D:3      | HP: 3/42 [hobgoblin (2)]
  2370 | D:3      | Reached skill level 3 in Invocations
  2495 | D:3      | Reached ** piety under Makhleb
  2499 | D:3      | Noticed Robin
  2505 | D:3      | Noticed Natasha
  2506 | D:3      | Killed Robin
  2507 | D:3      | Reached skill level 4 in Long Blades
  2520 | D:2      | HP: 1/42 [Natasha (8)]
  2522 | D:2      | Slain by Natasha

Vanquished Creatures
  An orc priest (D:3)
  Ijyb (D:3)
  Natasha (twice) (D:3)
  2 orc wizards
  Robin (D:3)
  A gnoll (D:1)
  An adder (D:2)
  3 worms (D:2)
  2 dart slugs (D:2)
  5 ball pythons
  8 endoplasms
  2 giant cockroaches (D:1)
  11 goblins
  12 hobgoblins
  3 kobolds
  2 quokkas
  2 bats (D:2)
  4 frilled lizards
  6 rats
69 creatures vanquished.

Vanquished Creatures (others)
  2 fungi (D:2)
  A plant (D:2)
3 creatures vanquished.

Grand Total: 72 creatures vanquished

Table legend: (Time is in decaauts)
 A = Elapsed time spent in this place.
 B = Non-inter-level travel time spent in this place.
 C = Inter-level travel time spent in this place.
 D = Time resting spent in this place.
 E = Time spent auto-exploring this place.
 F = Levels seen in this place.
 G = Mean time per level.
                   A        B        C        D        E       F      G
               +--------+--------+--------+--------+--------+-----+--------+
         Total |   2588 |   2532 |     56 |    345 |   1628 |   3 |  862.7 |
       Dungeon |   2588 |   2532 |     56 |    345 |   1628 |   3 |  862.7 |
               +--------+--------+--------+--------+--------+-----+--------+

Top non-repeatable levels by time:
     D:2: 1414 daAuts
     D:1: 677 daAuts
     D:3: 496 daAuts

Table legend:
 A = Non-vault XP
 B = Vault XP
 C = Vault XP percentage of total XP
 D = Non-vault monster count
 E = Vault monster count
 F = Vault count percentage of total count
                 A         B        C        D         E       F
            +---------+---------+-------+---------+---------+-------
      Total |     267 |     110 |  29.2 |      53 |      16 |  23.2
            +---------+---------+-------+---------+---------+-------
        D:1 |      44 |       0 |   0.0 |      18 |       0 |   0.0
        D:2 |      94 |       6 |   6.0 |      22 |       4 |  15.4
        D:3 |     129 |     104 |  44.6 |      13 |      12 |  48.0
            +---------+---------+-------+---------+---------+-------
